 Dungeon Crawl Stone Soup version 0.27.0-1-g7a089689b8 (webtiles) character file.

Game seed: 14462944402218407866

3651 Spaninq the Archer (level 9, -3/82 HPs)
             Began as a Minotaur Arcane Marksman on Aug 3, 2021.
             Was a Believer of Okawaru.
             Hit by a stone thrown by an orc warrior (6 damage)
             ... on level 8 of the Dungeon.
             The game lasted 00:26:36 (9788 turns).

Spaninq the Archer (Minotaur Arcane Marksman)       Turns: 9788, Time: 00:26:37

Health: -3/82      AC: 13    Str: 18    XL:     9   Next: 88%
Magic:  10/10      EV:  6    Int: 10    God:    Okawaru [**....]
Gold:   608        SH:  0    Dex: 11    Spells: 9/10 levels left

rFire    . . .     SeeInvis .   a - +0 shortbow (venom)
rCold    . . .     Faith    .   (shield currently unavailable)
rNeg     . . .     Spirit   .   l - +0 plate armour
rPois    +         Reflect  .   (helmet restricted)
rElec    .         Harm     .   (no cloak)
rCorr    .         Rampage  .   p - +0 pair of gloves
Will     .....                  (no boots)
Stlth    ..........             (no amulet)
HPRegen  0.23/turn              g - ring of poison resistance
MPRegen  0.12/turn              (no ring)

@: no status effects
A: horns 2, retaliatory headbutt
a: Renounce Religion, Heroism


You were on level 8 of the Dungeon.
You worshipped Okawaru.
Okawaru was pleased with you.
You visited 2 branches of the dungeon, and saw 9 of its levels.
You also visited: Ossuary.

You collected 608 gold pieces.

Inventory:

Hand Weapons
 a - a +0 shortbow of venom (weapon)
 h - a +4 whip
Missiles
 c - 21 arrows (quivered ammo)
Armour
 l - a +0 plate armour (worn)
 p - a +0 pair of gloves (worn)
Jewellery
 g - a ring of poison resistance (left hand)
 m - a ring of ice
Wands
 k - a wand of acid (7)
Scrolls
 e - 5 scrolls of magic mapping
 f - 3 scrolls of identify
 i - a scroll of amnesia
 n - a scroll of enchant weapon
 o - a scroll of teleportation {unknown}
Potions
 j - 2 potions of mutation {unknown}


   Skills:
 + Level 8.8 Fighting
 * Level 11.4 Bows
 + Level 4.4 Armour
 + Level 4.9 Dodging
 - Level 1.0 Spellcasting
 - Level 2.0 Hexes
 + Level 2.6 Invocations


You had 9 spell levels left.
You knew the following spells:

 Your Spells              Type           Power      Damage    Failure   Level
a - Corona                Hex            4%         N/A       99%         1

Your spell library contained the following spells:

 Spells                   Type           Power      Damage    Failure   Level
 Beastly Appendage        Tmut           0%         N/A       100%        1
 Magic Dart               Conj           0%         1d3       100%        1
 Call Imp                 Summ           0%         N/A       100%        2
 Ensorcelled Hibernation  Hex/Ice        4%         N/A       100%        2
 Slow                     Hex            4%         N/A       100%        2
 Wereblood                Tmut           0%         N/A       100%        2
 Inner Flame              Hex/Fire       2%         N/A       100%        3
 Mephitic Cloud           Conj/Pois/Air  0%         N/A       100%        3
 Portal Projectile        Hex/Tloc       4%         N/A       100%        3
 Spider Form              Tmut/Pois      0%         N/A       100%        3
 Tukima's Dance           Hex            4%         N/A       100%        3
 Cause Fear               Hex            2%         N/A       100%        4


Dungeon Overview and Level Annotations

Branches:
Dungeon (8/15)             Temple (1/1) D:5         Ossuary (visited)
   Lair: D:8-11

Altars:
Ashenzari
Cheibriados
Dithmenos
Elyvilon
Fedhas
Gozag
Hepliaklqana
Makhleb
Okawaru
Qazlal
Ru
Sif Muna
Trog
Uskayaw
Vehumet
Wu Jian
Xom
Yredelemnul
Zin
The Shining One

Shops:
D:5 (


Innate Abilities, Weirdness & Mutations

You have a pair of horns on your head.
You reflexively headbutt those who attack you in melee.


Message History

Press: ? - help, Q - select action, (/) - cycle Shift-Dir - straight line, f - orc priest, p - orc warrior
Aim: an orc priest, wielding a +0 mace, wearing a +0 ring mail and wearing a +0 buckler (heavily wounded, 69% to hit)
You shoot an arrow.
The arrow completely misses the orc warrior.
The arrow hits the orc priest but does no damage.
The orc priest is poisoned.
The orc priest is heavily wounded.
The orc warrior throws a stone.
The stone completely misses you.
The orc priest calls down the wrath of Beogh upon you.
Beogh smites you!
* * * LOW HITPOINT WARNING * * *
Okay, then.
You feel better.
Fire: 23 arrows
Press: ? - help, Q - select action, (/) - cycle Shift-Dir - straight line, f/p - orc priest
Aim: an orc priest, wielding a +0 mace, wearing a +0 ring mail and wearing a +0 buckler (heavily wounded, very poisoned, 69% to hit)
You shoot an arrow.
The arrow closely misses the orc warrior.
The arrow hits the orc priest but does no damage.
The orc priest looks as sick as possible!
The orc priest is heavily wounded.
Fire: 22 arrows
Press: ? - help, Q - select action, (/) - cycle Shift-Dir - straight line, f/p - orc priest
Aim: an orc priest, wielding a +0 mace, wearing a +0 ring mail and wearing a +0 buckler (almost dead, extremely poisoned, 69% to hit)
Okay, then.
You kill the orc priest!
Okawaru accepts your kill.
The orc warrior throws a stone.
The stone hits you but does no damage.
Fire: 22 arrows
Press: ? - help, Q - select action, (/) - cycle Shift-Dir - straight line, f - orc warrior
Aim: an orc warrior, wielding a +0 long sword, wearing a +0 plate armour and quivering stones (lightly wounded, very poisoned, 66% to hit)
You shoot an arrow. The arrow hits the orc warrior.
The orc warrior looks as sick as possible!
The orc warrior is lightly wounded.
The orc warrior throws a stone.
The stone hits you!
* * * LOW HITPOINT WARNING * * *
The orc warrior throws a stone.
The stone hits you!
* * * LOW HITPOINT WARNING * * *
The orc warrior throws a stone.
The stone hits you.
You die...

≈.c≈♣
..........#.##.....##.##
.≈≈♣
#######.#.#.##.#.#.##†##
.. #.#...)....(....##
###########
#.#..####.####..#
..........# #.#..# .....
#..# .......##)#
#.#..#.......#..#
######.##.#
#.#..#.......#..#
.......##.#.#
#<#......_......#
.....(..#.#.#
#@#..#.......#..#
......#.#.#.#
#.#..#.......#..#
o..Y..#o..#.# #.# ....
#..# ..c...##..#.# #.#
#.## #..# ......##..#.#
#.# .. ...#
#####.###)#.# #.# ...#
#.# #...# #o# ....# ..#
#...# #.# ## #(..# #.#


You could see an orc warrior (very poisoned).

Vanquished Creatures
  Pikel (D:4)
  Eustachio (D:4)
  A yak (D:8)
  Menkaure (D:4)
  A water moccasin (D:7)
  An orc warrior (D:8)
  A sky beast (D:5)
  A black bear (D:4)
  A necrophage (D:3)
  2 ice beasts
  An ogre (D:6)
  2 centaurs (D:8)
  3 lemures (D:4)
  An elf zombie (Ossuary)
  3 bullfrogs
  3 scorpions
  6 killer bees (D:8)
  4 wights (D:7)
  3 howler monkeys
  3 centaur zombies
  2 bullfrog zombies
  A centaur skeleton (D:6)
  3 hounds
  3 jellies
  4 orc priests
  5 orc wizards
  2 iguanas
  2 mummies (Ossuary)
  A howler monkey zombie (D:8)
  5 adders
  4 gnolls
  2 shadow imps
  An ufetubus (D:4)
  2 worms
  2 dart slugs (D:2)
  13 orcs
  5 endoplasms
  2 giant cockroaches
  2 gnoll zombies (Ossuary)
  6 goblins
  4 hobgoblins
  6 jackals
  12 kobolds
  5 quokkas
  7 ball pythons
  3 bats
  5 frilled lizards
  2 goblin zombies (Ossuary)
  5 hobgoblin zombies (Ossuary)
  4 orc zombies (Ossuary)
  8 rats
168 creatures vanquished.

Vanquished Creatures (others)
  19 plants
19 creatures vanquished.

Grand Total: 187 creatures vanquished

Notes
Turn   | Place    | Note
-------+----------+-------------------------------------------
     0 | D:1      | Spaninq the Minotaur Arcane Marksman began the quest for
                  | the Orb.
     0 | D:1      | Reached XP level 1. HP: 16/16 MP: 1/1
   482 | D:1      | Reached XP level 2. HP: 24/24 MP: 2/2
   715 | D:1      | Reached skill level 3 in Bows
  1272 | D:1      | Reached XP level 3. HP: 26/29 MP: 3/3
  2171 | D:2      | Reached skill level 4 in Bows
  2190 | D:2      | Found a faded altar of an unknown god.
  2297 | D:2      | Reached XP level 4. HP: 30/37 MP: 4/4
  2983 | D:3      | Noticed a scorpion
  3012 | D:3      | Killed a scorpion
  3013 | D:3      | Reached skill level 5 in Bows
  3013 | D:3      | Reached XP level 5. HP: 16/45 MP: 5/5
  3262 | D:3      | Noticed a necrophage
  3274 | D:3      | Killed a necrophage
  3635 | D:3      | Found an opulent altar of Gozag.
  3815 | D:4      | Reached XP level 6. HP: 41/52 MP: 6/6
  3855 | D:4      | Reached skill level 6 in Bows
  3898 | D:4      | Noticed Eustachio
  3906 | D:4      | Found a sand-covered staircase.
  3909 | Ossuary  | Entered an ossuary
  4404 | D:4      | Noticed Menkaure
  4412 | D:4      | Killed Menkaure
  4413 | D:4      | Reached skill level 5 in Fighting
  4413 | D:4      | Reached skill level 7 in Bows
  4413 | D:4      | Reached XP level 7. HP: 29/61 MP: 7/7
  5282 | D:4      | Noticed Pikel
  5313 | D:4      | Killed Pikel
  5314 | D:4      | Reached skill level 8 in Bows
  5314 | D:4      | Reached XP level 8. HP: 56/71 MP: 8/8
  5559 | D:4      | Reached skill level 9 in Bows
  5657 | D:4      | Killed Eustachio
  6197 | D:5      | Entered Level 5 of the Dungeon
  6257 | D:5      | Found a staircase to the Ecumenical Temple.
  6269 | Temple   | Entered the Ecumenical Temple
  6274 | Temple   | Became a worshipper of Warmaster Okawaru
  6332 | D:5      | Found Hoviyvur's Weapon Shoppe.
  6679 | D:5      | Found a white marble altar of Elyvilon.
  6965 | D:5      | Reached skill level 10 in Bows
  6965 | D:5      | Reached skill level 1 in Armour
  7301 | D:6      | Found a shadowy altar of Dithmenos.
  7346 | D:6      | Identified the +0 robe of Recklessness {Int+5}
  7635 | D:6      | Reached XP level 9. HP: 73/81 MP: 9/9
  7706 | D:5      | Reached * piety under Okawaru
  7889 | D:6      | Found a stormy altar of Qazlal.
  8270 | D:7      | You fall into a shaft and drop 1 floor!
  8358 | D:7      | Reached skill level 1 in Invocations
  9329 | D:8      | Found a shimmering blue altar of Sif Muna.
  9346 | D:8      | Reached skill level 11 in Bows
  9371 | D:8      | Reached ** piety under Okawaru
  9786 | D:8      | HP: 3/82 [orc warrior/stone (7)]
  9788 | D:8      | Hit by a stone thrown by an orc warrior

Illustrated notes

Levels and vault maps discovered:
D:1:      ncdulo_smallfort, layout_basic, interstate_on_off
D:2:      layout_loops_ring, hellmonk_ecumenical_altar_heavens_door
D:3:      layout_rooms, mainiacjoe_overflow_chevrons
D:4:      layout_loops_cross, lightli_ossuary_entry_decrepit_ruins,
          kennysheep_nub, uniq_menkaure, uniq_pikel, uniq_eustachio
D:5:      layout_loops_ring, elyvilon_altar_4, minmay_temple_entry_overgrown,
          serial_shops, shop
D:6:      layout_loops_cross, nicolae_overflow_hidden_temple,
          mainiacjoe_overflow_surrounded_room
D:7:      layout_basic
D:8:      layout_basic, old_standard_altar, minmay_crystal_water,
          serial_bayou_pond_b
Temple:   minmay_freezing_vapour_temple

Skill      XL: |  1  2  3  4  5  6  7  8  9 |
---------------+----------------------------+-----
Bows           | 3 4 5 7 8 10 11 | 11.4
Fighting       | 2 3 4 5 6 7 8 |  8.8
Armour         | 2 4 |  4.4
Dodging        | 3 4 |  4.9
Invocations    | 2 |  2.6
Spellcasting   | |  1.0
Hexes          | |  2.0

Action                   |  1- 3 |  4- 6 |  7- 9 || total
-------------------------+-------+-------+-------++-------
Melee: Short sword       |    60 |       |       ||    60
       Headbutt          |     9 |    17 |    38 ||    64
       Dagger            |    43 |       |       ||    43
       Whip              |     6 |    94 |   180 ||   280
 Fire: Shortbow          |    25 |    89 |   176 ||   290
  Use: Potion            |       |     1 |     2 ||     3
       Scroll            |       |     5 |     6 ||    11
 Stab: Sleeping          |     2 |       |       ||     2
Armor: Robe              |    18 |    19 |     5 ||    42
       Skin              |       |     9 |       ||     9
       Plate armour      |       |       |   145 ||   145
Dodge: Dodged            |    57 |    48 |    90 ||   195
